TOP OF THE 1ST |
Greensboro Grasshoppers batting - Pitching for Dayton Dragons : LHP Ed Chavez
|
Pitching: LHP Ed Chavez
|
|
Batting: RHB Tom Thompson
|
0-0: Ball 1-0: Ball 2-0: Called Strike 2-1: Foul Ball, location: 2F 2-2: Fly out, F6 (Popup, 6M, EV 61.9 MPH)
|
Batting: RHB Torquato Obawole
|
0-0: Foul Ball, location: 2F 0-1: Ball 1-1: Ball 2-1: Foul Ball, location: 2F 2-2: Strikes out swinging
|
Batting: RHB Isaiah Brockman
|
0-0: Foul Ball, location: 2F 0-1: Ball 1-1: Ball 2-1: Fly out, F3 (Popup, 3SF, EV 78.1 MPH)
|
Top of the 1st over - 0 runs, 0 hits, 0 errors, 0 left on base; Greensboro 0 - Dayton 0 |
BOTTOM OF THE 1ST |
Dayton Dragons batting - Pitching for Greensboro Grasshoppers : RHP Earl Shepherd
|
Pitching: RHP Earl Shepherd
|
|
Batting: LHB Nick Nino
|
0-0: Ball 1-0: Ball 2-0: Ball 3-0: Called Strike 3-1: Called Strike 3-2: Fly out, F7 (Flyball, 7D, EV 101.9 MPH)
|
Batting: LHB Leo Gomez
|
0-0: Ball 1-0: Foul Ball, location: 2F 1-1: Ball 2-1: Ball 3-1: Foul Ball, location: 2F 3-2: Foul Ball, location: 2F 3-2: Strikes out looking
|
Batting: SHB Kristian Kristensen
|
0-0: Swinging Strike 0-1: Ground out 4-3 (Groundball, 4, EV 83.8 MPH)
|
Bottom of the 1st over - 0 runs, 0 hits, 0 errors, 0 left on base; Greensboro 0 - Dayton 0 |
TOP OF THE 2ND |
Greensboro Grasshoppers batting - Pitching for Dayton Dragons : LHP Ed Chavez
|
Batting: RHB Jake Shelton
|
0-0: Ball 1-0: Ground out 6-3 (Groundball, 6, EV 105.6 MPH)
|
Batting: RHB Boof Howell
|
0-0: Fly out, F5 (Flyball, 56D, EV 94.4 MPH)
|
Batting: RHB Masumitsu Sugiura
|
0-0: Ball 1-0: Called Strike 1-1: Called Strike 1-2: Ball 2-2: Ground out 6-3 (Groundball, 6S, EV 86.9 MPH)
|
Top of the 2nd over - 0 runs, 0 hits, 0 errors, 0 left on base; Greensboro 0 - Dayton 0 |
BOTTOM OF THE 2ND |
Dayton Dragons batting - Pitching for Greensboro Grasshoppers : RHP Earl Shepherd
|
Batting: LHB Chris Grunwald
|
0-0: Ball 1-0: Called Strike 1-1: Swinging Strike 1-2: Strikes out looking
|
Batting: RHB Bruno André
|
0-0: Ball 1-0: SINGLE (Line Drive, 8LS, EV 96.3 MPH)
|
Batting: RHB Mark Williams
|
0-0: Called Strike Bruno André steals 2nd base 0-1: Ball 1-1: SINGLE (Groundball, 4MD, EV 101.9 MPH) Bruno André to third Throwing error, E8 Bruno André scores Mark Williams to second
|
Batting: RHB Ben Hinman
|
0-0: Ball 1-0: Ball 2-0: Ball 3-0: Base on Balls
|
Batting: RHB Jonathan Davis
|
0-0: Ball 1-0: Called Strike 1-1: Fly out, F6 (Flyball, 56D, EV 92.5 MPH)
|
Batting: RHB Pat Grover
|
0-0: Called Strike 0-1: Foul Ball, location: 2F 0-2: Strikes out swinging
|
Bottom of the 2nd over - 1 run, 2 hits, 1 error, 2 left on base; Greensboro 0 - Dayton 1 |
TOP OF THE 3RD |
Greensboro Grasshoppers batting - Pitching for Dayton Dragons : LHP Ed Chavez
|
Batting: RHB Jordan Arcidez
|
0-0: Ball 1-0: Called Strike 1-1: Ball 2-1: Swinging Strike 2-2: Foul Ball, location: 2F 2-2: Strikes out swinging
|
Batting: RHB Bob Raine
|
0-0: Ball 1-0: Ball 2-0: Ball 3-0: Called Strike 3-1: Base on Balls
|
Batting: RHB Wei-guo Tsu
|
0-0: SINGLE (Groundball, 56D, EV 103.8 MPH) Bob Raine to second
|
Batting: RHB Tom Thompson
|
0-0: SINGLE (Groundball, 56D, EV 100.6 MPH) Bob Raine to third Wei-guo Tsu to second
|
Batting: RHB Torquato Obawole
|
0-0: Foul Ball, location: 2F 0-1: Foul Ball, location: 2F 0-2: Ball 1-2: Ball 2-2: Fielders Choice at 2nd, 6-4 (Groundball, 6, EV 88.8 MPH) Bob Raine scores Wei-guo Tsu to third
|
Batting: RHB Isaiah Brockman
|
0-0: Fly out, F9 (Flyball, 9S, EV 88.1 MPH)
|
Top of the 3rd over - 1 run, 2 hits, 0 errors, 2 left on base; Greensboro 1 - Dayton 1 |
BOTTOM OF THE 3RD |
Dayton Dragons batting - Pitching for Greensboro Grasshoppers : RHP Earl Shepherd
|
Batting: LHB Nick Nino
|
0-0: Ball 1-0: Ball 2-0: Ball 3-0: Base on Balls
|
Batting: LHB Leo Gomez
|
0-0: Ball Nick Nino is caught stealing 2nd base 2-6 1-0: Ball 2-0: Foul Ball, location: 2F 2-1: Ball 3-1: Base on Balls
|
Batting: SHB Kristian Kristensen
|
0-0: Ball Leo Gomez steals 2nd base 1-0: Foul Ball, location: 2F 1-1: Swinging Strike 1-2: Ball 2-2: Foul Ball, location: 2F 2-2: Foul Ball, location: 2F 2-2: Ball 3-2: Foul Ball, location: 2F 3-2: SINGLE (Groundball, 25, EV 76.9 MPH) (infield hit) Leo Gomez to third
|
Batting: LHB Chris Grunwald
|
0-0: Foul Ball, location: 2F 0-1: Ball 1-1: Swinging Strike 1-2: Ball 2-2: Ball 3-2: Foul Ball, location: 2F 3-2: Base on Balls Kristian Kristensen to second
|
Batting: RHB Bruno André
|
0-0: Ball 1-0: Swinging Strike 1-1: Ball 2-1: Fly out, F3 (Popup, 3L, EV 66.3 MPH)
|
Batting: RHB Mark Williams
|
0-0: Called Strike 0-1: Called Strike 0-2: Foul Ball, location: 2F 0-2: Foul Ball, location: 2F 0-2: Foul Ball, location: 2F 0-2: Ground out 6-3 (Groundball, 6M, EV 99.4 MPH)
|
Bottom of the 3rd over - 0 runs, 1 hit, 0 errors, 3 left on base; Greensboro 1 - Dayton 1 |
TOP OF THE 4TH |
Greensboro Grasshoppers batting - Pitching for Dayton Dragons : LHP Ed Chavez
|
Batting: RHB Jake Shelton
|
0-0: Called Strike 0-1: Ball 1-1: Swinging Strike 1-2: Ball 2-2: Fly out, F7 (Flyball, 7D, EV 100.0 MPH)
|
Batting: RHB Boof Howell
|
0-0: Foul Ball, location: 2F 0-1: Ball 1-1: Ball 2-1: Ground out U3 (Groundball, 13, EV 84.4 MPH)
|
Batting: RHB Masumitsu Sugiura
|
0-0: Called Strike 0-1: Ball 1-1: Ball 2-1: Called Strike 2-2: Foul Ball, location: 2F 2-2: Strikes out swinging
|
Top of the 4th over - 0 runs, 0 hits, 0 errors, 0 left on base; Greensboro 1 - Dayton 1 |
BOTTOM OF THE 4TH |
Dayton Dragons batting - Pitching for Greensboro Grasshoppers : RHP Earl Shepherd
|
Batting: RHB Ben Hinman
|
0-0: Ball 1-0: Ball 2-0: Ball 3-0: Called Strike 3-1: Base on Balls
|
Batting: RHB Jonathan Davis
|
0-0: Fly out, F8 (Flyball, 8RD, EV 104.4 MPH)
|
Batting: RHB Pat Grover
|
0-0: Fly out, F3 (Line Drive, 3, EV 71.9 MPH)
|
Batting: LHB Nick Nino
|
0-0: Called Strike 0-1: 2-RUN HOME RUN (Flyball, 89XD, EV 110.0 MPH), Distance : 407 ft
|
Batting: LHB Leo Gomez
|
0-0: Ground out 6-3 (Groundball, 6M, EV 90.0 MPH)
|
Bottom of the 4th over - 2 runs, 1 hit, 0 errors, 0 left on base; Greensboro 1 - Dayton 3 |
TOP OF THE 5TH |
Greensboro Grasshoppers batting - Pitching for Dayton Dragons : LHP Ed Chavez
|
Batting: RHB Jordan Arcidez
|
0-0: Ball 1-0: Called Strike 1-1: Ball 2-1: Foul Ball, location: 2F 2-2: Ball 3-2: Strikes out swinging
|
Batting: RHB Bob Raine
|
0-0: Ball 1-0: Ball 2-0: Ball 3-0: Called Strike 3-1: Swinging Strike 3-2: Ground out 6-3 (Groundball, 6S, EV 65.0 MPH)
|
Batting: RHB Wei-guo Tsu
|
0-0: Called Strike 0-1: Swinging Strike 0-2: Fly out, F8 (Line Drive, 8LM, EV 90.0 MPH)
|
Top of the 5th over - 0 runs, 0 hits, 0 errors, 0 left on base; Greensboro 1 - Dayton 3 |
BOTTOM OF THE 5TH |
Dayton Dragons batting - Pitching for Greensboro Grasshoppers : RHP Earl Shepherd
|
Batting: SHB Kristian Kristensen
|
0-0: Ball 1-0: Ball 2-0: Ball 3-0: Called Strike 3-1: Base on Balls
|
Batting: LHB Chris Grunwald
|
0-0: Called Strike 0-1: Foul Ball, location: 2F 0-2: Ball 1-2: Ball 2-2: Ball 3-2: Foul Ball, location: 2F 3-2: Foul Ball, location: 2F 3-2: Base on Balls Kristian Kristensen to second
|
Pitching: RHP Reinaart Meyer
|
|
Batting: RHB Bruno André
|
0-0: Called Strike 0-1: Ball 1-1: Called Strike 1-2: Ball 2-2: Ball 3-2: Foul Ball, location: 2F 3-2: Foul Ball, location: 2F 3-2: Strikes out swinging
|
Batting: RHB Mark Williams
|
0-0: Ball 1-0: Ball 2-0: Fielders Choice at 2nd, 3-6 (Groundball, 34, EV 83.8 MPH) Kristian Kristensen to third
|
Batting: RHB Ben Hinman
|
0-0: Fly out, F8 (Flyball, 8LD, EV 88.1 MPH)
|
Bottom of the 5th over - 0 runs, 0 hits, 0 errors, 2 left on base; Greensboro 1 - Dayton 3 |
TOP OF THE 6TH |
Greensboro Grasshoppers batting - Pitching for Dayton Dragons : LHP Ed Chavez
|
Batting: RHB Tom Thompson
|
0-0: Called Strike 0-1: Swinging Strike 0-2: Ball 1-2: Strikes out swinging
|
Batting: RHB Torquato Obawole
|
0-0: Ball 1-0: Foul Ball, location: 2F 1-1: Called Strike 1-2: Ball 2-2: Strikes out swinging
|
Batting: RHB Isaiah Brockman
|
0-0: SINGLE (Flyball, 7LS, EV 98.1 MPH)
|
Batting: RHB Jake Shelton
|
0-0: Ball 1-0: Ground out 6-3 (Groundball, 56, EV 103.1 MPH)
|
Top of the 6th over - 0 runs, 1 hit, 0 errors, 1 left on base; Greensboro 1 - Dayton 3 |
BOTTOM OF THE 6TH |
Dayton Dragons batting - Pitching for Greensboro Grasshoppers : RHP Reinaart Meyer
|
Batting: RHB Jonathan Davis
|
0-0: SINGLE (Line Drive, 56D, EV 101.9 MPH)
|
Batting: RHB Pat Grover
|
0-0: Called Strike 0-1: Foul Ball, location: 2F 0-2: Foul Ball, location: 2F 0-2: Fielders Choice at 2nd, 4-6 (Groundball, 4, EV 91.9 MPH)
|
Batting: LHB Nick Nino
|
0-0: Grounds into double play, 6-4-3 (Groundball, 6, EV 91.3 MPH)
|
Bottom of the 6th over - 0 runs, 1 hit, 0 errors, 0 left on base; Greensboro 1 - Dayton 3 |
TOP OF THE 7TH |
Greensboro Grasshoppers batting - Pitching for Dayton Dragons : LHP Ed Chavez
|
Batting: RHB Boof Howell
|
0-0: Fly out, F8 (Line Drive, 8RM, EV 87.5 MPH)
|
Batting: RHB Masumitsu Sugiura
|
0-0: Ball 1-0: Foul Ball, location: 2F 1-1: Called Strike 1-2: Ball 2-2: Foul Ball, location: 2F 2-2: Foul Ball, location: 2F 2-2: Strikes out looking
|
Batting: RHB Jordan Arcidez
|
0-0: Ball 1-0: Foul Ball, location: 2F 1-1: Swinging Strike 1-2: Strikes out swinging
|
Top of the 7th over - 0 runs, 0 hits, 0 errors, 0 left on base; Greensboro 1 - Dayton 3 |
BOTTOM OF THE 7TH |
Dayton Dragons batting - Pitching for Greensboro Grasshoppers : RHP Reinaart Meyer
|
Pitching: LHP Joe Foster
|
|
Batting: LHB Leo Gomez
|
0-0: Called Strike 0-1: Ball 1-1: Ground out 4-3 (Groundball, 4S, EV 63.1 MPH)
|
Batting: SHB Kristian Kristensen
|
0-0: Called Strike 0-1: Ball 1-1: SINGLE (Line Drive, 78M, EV 100.0 MPH)
|
Batting: LHB Chris Grunwald
|
0-0: Ball 1-0: Swinging Strike 1-1: Ball 2-1: Called Strike 2-2: Foul Ball, location: 2F 2-2: Foul Ball, location: 2F 2-2: Ball 3-2: Foul Ball, location: 2F Balk! Kristian Kristensen to second 3-2: Foul Ball, location: 2F 3-2: Foul Ball, location: 2F 3-2: SINGLE (Groundball, 34D, EV 101.3 MPH) Kristian Kristensen to third
|
Pitching: RHP Chris Forster
|
|
Batting: RHB Bruno André
|
0-0: Called Strike 0-1: Swinging Strike 0-2: Strikes out swinging
|
Pitching: LHP Nick Gore
|
|
Batting: RHB Mark Williams
|
0-0: Ball 1-0: Ball 2-0: Fly out, F8 (Flyball, 8RM, EV 91.3 MPH)
|
Bottom of the 7th over - 0 runs, 2 hits, 0 errors, 2 left on base; Greensboro 1 - Dayton 3 |
TOP OF THE 8TH |
Greensboro Grasshoppers batting - Pitching for Dayton Dragons : LHP Ed Chavez
|
Now at 2B: John Galluzzo
|
|
Batting: RHB Bob Raine
|
0-0: Ball 1-0: Ball 2-0: Called Strike 2-1: Ball 3-1: Swinging Strike 3-2: SINGLE (Groundball, 4MD, EV 103.8 MPH)
|
Pitching: RHP Adam McCurdy
|
|
Batting: RHB Wei-guo Tsu
|
0-0: Called Strike 0-1: Ball 1-1: Swinging Strike 1-2: Ball 2-2: Grounds into double play, 6-4-3 (Groundball, 6, EV 101.3 MPH)
|
Batting: RHB Tom Thompson
|
0-0: Ball 1-0: Called Strike 1-1: Fly out, F3 (Flyball, 3D, EV 81.9 MPH)
|
Top of the 8th over - 0 runs, 1 hit, 0 errors, 0 left on base; Greensboro 1 - Dayton 3 |
BOTTOM OF THE 8TH |
Dayton Dragons batting - Pitching for Greensboro Grasshoppers : LHP Nick Gore
|
Batting: RHB Ben Hinman
|
0-0: Foul Ball, location: 2F 0-1: Ball 1-1: Foul Ball, location: 2F 1-2: Ground out 5-3 (Groundball, 56, EV 100.0 MPH)
|
Batting: RHB Jonathan Davis
|
0-0: Ball 1-0: Ball 2-0: Called Strike 2-1: Ball 3-1: Base on Balls
|
Batting: RHB Pat Grover
|
0-0: Called Strike 0-1: Called Strike 0-2: Ball 1-2: Strikes out swinging
|
Batting: LHB Nick Nino
|
0-0: Ball Wild Pitch! Jonathan Davis to second 1-0: DOUBLE (Line Drive, 78XD, EV 103.8 MPH) Jonathan Davis scores
|
Batting: LHB Leo Gomez
|
0-0: Called Strike 0-1: Ball 1-1: Ground out 6-3 (Groundball, 4M, EV 106.3 MPH)
|
Bottom of the 8th over - 1 run, 1 hit, 0 errors, 1 left on base; Greensboro 1 - Dayton 4 |
TOP OF THE 9TH |
Greensboro Grasshoppers batting - Pitching for Dayton Dragons : RHP Adam McCurdy
|
Pitching: RHP Justin Ambrose
|
|
Batting: RHB Torquato Obawole
|
0-0: Ball 1-0: Called Strike 1-1: Ball 2-1: Ball 3-1: Foul Ball, location: 2F 3-2: Strikes out swinging
|
Batting: RHB Isaiah Brockman
|
0-0: Ball 1-0: Swinging Strike 1-1: Fly out, F7 (Flyball, 78M, EV 89.4 MPH)
|
Batting: RHB Jake Shelton
|
0-0: Called Strike 0-1: Ball 1-1: Swinging Strike 1-2: Ball 2-2: Foul Ball, location: 2F 2-2: Strikes out swinging
|
Top of the 9th over - 0 runs, 0 hits, 0 errors, 0 left on base; Greensboro 1 - Dayton 4 |
|